 Dungeon Crawl Stone Soup version 0.26-a0-540-g8a0c9464d7 (webtiles) character file.

Game seed: 4068003321467677611

38410 vurker the Covert (level 14, -1/111 HPs)
             Began as a Gnoll Delver on Aug 22, 2020.
             Was the Champion of Cheibriados.
             Slain by an eight-headed hydra (2 damage)
             ... on level 5 of the Lair of Beasts.
             The game lasted 00:28:01 (19852 turns).

vurker the Covert (Gnoll Delver)                   Turns: 19852, Time: 00:28:01

Health: -1/111     AC: 25    Str: 33    XL:     14   Next: 2%
Magic:  0/26       EV: 17    Int: 32    God:    Cheibriados [******]
Gold:   136        SH: 15    Dex: 33    Spells: 30/30 levels left

rFire    + + .     SeeInvis .   b - +5 morningstar (freeze)
rCold    . . .     Faith    .   q - +0 kite shield
rNeg     . . .     Spirit   +   f - +0 plate armour
rPois    .         Reflect  .   z - +2 hood of the Assassin {Detection Stab+ Stlth++}
rElec    .         Harm     .   w - +2 cloak
rCorr    .                      M - +3 pair of gauntlets of War {Slay+5}
MR       +....                  e - +0 pair of boots
Stlth    ++++......             E - amulet "Forget-Me-Not" {Spirit rF+ Str+4}
HPRegen  0.28/turn              h - ring of protection from fire
MPRegen  0.20/turn              (no ring)

@: about to teleport, very slow
A: distributed training, fangs 1, strong nose
a: Bend Time, Temporal Distortion, Slouch, Step From Time, Renounce Religion


You were on level 5 of the Lair of Beasts.
You worshipped Cheibriados.
Cheibriados was exalted by your worship.
You visited 2 branches of the dungeon, and saw 17 of its levels.
You also visited: Bailey.

You collected 1656 gold pieces.
You spent 1520 gold pieces at shops.

Inventory:

Hand Weapons
 a - a +9 vampiric broad axe
   (You took it off Urug on level 2 of the Lair of Beasts)
 b - a +5 morningstar of freezing (weapon)
   (You took it off a wight on level 9 of the Dungeon)
Armour
 e - a +0 pair of boots (worn)
   (You found it on level 12 of the Dungeon)
 f - a +0 plate armour (worn)
   (You found it on level 3 of the Dungeon)
 q - a +0 kite shield (worn)
   (You found it on level 7 of the Dungeon)
 w - a +2 cloak (worn)
   (You found it on level 8 of the Dungeon)
 z - the +2 hood of the Assassin (worn) {Detection Stab+ Stlth++}
   (You found it on level 9 of the Dungeon)

   It makes you much more stealthy.
 M - the +3 pair of gauntlets of War (worn) {Slay+5}
   (You bought it in a shop on level 11 of the Dungeon)

   It affects your accuracy and damage with ranged weapons and melee attacks
   (+5).
Jewellery
 h - a ring of protection from fire (left hand)
   (You found it on level 1 of the Dungeon)
 n - an uncursed ring of ice
   (You found it on level 4 of the Lair of Beasts)
 E - the amulet "Forget-Me-Not" (around neck) {Spirit rF+ Str+4}
   (You took it off a kobold in a bailey)

   [amulet of guardian spirit]

   It causes incoming damage to be split between your health and magic.
   It affects your strength (+4).
   It protects you from fire.
Wands
 c - a wand of disintegration (10)
   (You found it on level 9 of the Dungeon)
 d - a wand of iceblast (20)
   (You took it off Harold on level 11 of the Dungeon)
 i - a wand of enslavement (8)
   (You took it off Ijyb on level 4 of the Dungeon)
 t - a wand of flame (39)
   (You found it on level 5 of the Dungeon)
 u - a wand of paralysis (19)
   (You found it on level 11 of the Dungeon)
 v - a wand of digging (9)
 x - a wand of acid (5)
   (You found it on level 3 of the Lair of Beasts)
Scrolls
 j - 8 scrolls of teleportation
 o - 3 scrolls of fog
 y - 3 scrolls of immolation
 A - 13 scrolls of remove curse
 C - 4 scrolls of fear
 H - a scroll of amnesia
 I - 3 scrolls of magic mapping
 J - 2 scrolls of enchant armour
 L - a scroll of identify
Potions
 g - 2 potions of cancellation
 k - a potion of resistance
 l - a potion of invisibility
 p - 2 potions of magic
 r - a potion of lignification
 B - a potion of curing
 D - a potion of mutation {unknown}
 F - 2 potions of brilliance
 G - 3 potions of flight
 K - 4 potions of degeneration {unknown}


   Skills:
 + Level 10.9 Fighting
 + Level 8.8 Short Blades
 + Level 8.8 Long Blades
 + Level 8.8 Axes
 + Level 9.9 Maces & Flails
 + Level 8.8 Polearms
 + Level 8.8 Staves
 + Level 8.8 Slings
 + Level 8.8 Bows
 + Level 8.8 Crossbows
 + Level 8.8 Throwing
 + Level 8.8 Armour
 + Level 9.9 Dodging
 + Level 12.5 Stealth
 + Level 8.8 Shields
 + Level 8.8 Unarmed Combat
 + Level 8.8 Spellcasting
 + Level 7.3 Conjurations
 + Level 7.3 Hexes
 + Level 7.3 Summonings
 + Level 7.3 Necromancy
 + Level 7.3 Translocations
 + Level 7.3 Transmutations
 + Level 7.3 Fire Magic
 + Level 7.3 Ice Magic
 + Level 7.3 Air Magic
 + Level 7.3 Earth Magic
 + Level 7.3 Poison Magic
 + Level 9.6 Invocations
 + Level 8.8 Evocations


You had 30 spell levels left.
You didn't know any spells.
Your spell library contained the following spells:

 Spells                   Type           Power        Failure   Level
 Apportation              Tloc           ######       2%          1
 Corona                   Hex            ######.      2%          1
 Slow                     Hex            ######..     3%          2
 Ignite Poison            Fire/Tmut/Pois ######..     8%          3
 Inner Flame              Hex/Fire       ######..     8%          3
 Lesser Beckoning         Tloc           ######....   8%          3
 Portal Projectile        Hex/Tloc       ######       8%          3
 Tukima's Dance           Hex            ######..     8%          3
 Cause Fear               Hex            ######....   24%         4
 Leda's Liquefaction      Hex/Erth       ######....   24%         4
 Alistair's Intoxication  Tmut/Pois      ######...    56%         5
 Fireball                 Conj/Fire      ######....   56%         5
 Invisibility             Hex            ######..     98%         6
 Starburst                Conj/Fire      ######....   98%         6
 Ignition                 Fire           ######....   100%        8


Dungeon Overview and Level Annotations

Branches:
Dungeon (12/15)            Temple (0/1) D:6            Lair (5/6) D:10
  Swamp (0/4) Lair:4        Snake (0/4) Lair:4          Orc (0/2) D:9
 Bailey (visited)
  Slime: Lair:5-6

Altars:
Ashenzari
Cheibriados
Elyvilon
Fedhas
Makhleb
Nemelex Xobeh
Trog
Wu Jian
Zin

Shops:
D:7 =   D:11 [

Annotations:
Lair:2 3 runed translucent doors, MalarOregon's ghost, journeyman DrFE; SatoMori's ghost, journeyman GnCj


Innate Abilities, Weirdness & Mutations

Your experience applies equally to all skills.
You have very sharp teeth.
Your uncanny sense of smell can sniff out nearby items.


Message History

Unknown command.
Aim: an eight-headed hydra (heavily wounded)
The bolt of acid hits the eight-headed hydra!!
The eight-headed hydra is splashed with acid.
The acid corrodes the eight-headed hydra!
The polar bear growls angrily.
The komodo dragon hisses angrily.
The 11-headed hydra bites you but does no damage. x2
You block the 11-headed hydra's attack. The 11-headed hydra bites you!
* * * LOW HITPOINT WARNING * * *
You block the 11-headed hydra's attack. x2
The 11-headed hydra barely misses you. You block the 11-headed hydra's attack.
The 11-headed hydra bites you but does no damage. x2
The 11-headed hydra closely misses you.
The eight-headed hydra bites you but does no damage. x2
The eight-headed hydra bites you!
* * * LOW HITPOINT WARNING * * *
The eight-headed hydra bites you but does no damage.
The eight-headed hydra barely misses you.
The eight-headed hydra closely misses you. x2
The eight-headed hydra bites you.
* * * LOW HITPOINT WARNING * * *
Unknown command.
Unknown command.
Okay, then.
Unknown command.
You feel much better. The 11-headed hydra closely misses you.
The 11-headed hydra misses you.
You block the 11-headed hydra's attack. x2
The 11-headed hydra closely misses you.
The 11-headed hydra bites you but does no damage.
The 11-headed hydra barely misses you. You block the 11-headed hydra's attack.
The 11-headed hydra bites you but does no damage. x2
The 11-headed hydra misses you. The eight-headed hydra misses you. x2
The eight-headed hydra bites you but does no damage. x2
You block the eight-headed hydra's attack.
The eight-headed hydra bites you but does no damage. x3
As you read the scroll of teleportation, it crumbles to dust.
You feel strangely unstable. You block the 11-headed hydra's attack.
The 11-headed hydra closely misses you. You block the 11-headed hydra's attack.
The 11-headed hydra closely misses you. The 11-headed hydra barely misses you.
The 11-headed hydra bites you but does no damage.
The 11-headed hydra bites you!
* * * LOW HITPOINT WARNING * * *
The 11-headed hydra misses you. The 11-headed hydra bites you!
* * * LOW HITPOINT WARNING * * *
The 11-headed hydra bites you but does no damage.
The 11-headed hydra bites you!
* * * LOW HITPOINT WARNING * * *
You block the eight-headed hydra's attack.
The eight-headed hydra bites you.
You die... #.............. ............... ...............

You could see a 11-headed hydra, an eight-headed hydra (corroded), a polar bear and a komodo dragon.

Vanquished Creatures
  Gastronok (Lair:2)
  Harold (D:11)
  3 hydras
  A death yak (Lair:2)
  Urug (Lair:2)
  2 unseen horrors
  Pikel (D:4)
  A manticore (D:11)
  2 orc knights (Bailey)
  2 ugly things
  8 black mambas
  2 centaur zombies
  3 elephants (Lair:4)
  7 cane toads
  A torpor snail (Lair:2)
  Maggie (D:9)
  A rime drake (Lair:2)
  3 komodo dragons
  A hornet (Lair:3)
  A troll (D:10)
  Grinder (D:3)
  13 blink frogs
  8 hippogriffs
  6 dream sheep (Lair:3)
  2 shadows (D:9)
  2 wyverns
  34 yaks
  2 basilisks
  Grum (D:8)
  2 vampire mosquitoes (Lair:1)
  3 insubstantial wisps (Lair:1)
  14 water moccasins
  3 porcupines
  Duvessa (D:5)
  A black bear (Lair:4)
  2 orc warriors
  A sky beast (D:7)
  4 ice beasts
  2 ogres (D:10)
  5 phantoms
  4 centaurs
  10 wolves
  A lemure (D:4)
  12 crocodiles
  A big kobold (D:7)
  Blork the orc (D:6)
  16 bullfrogs
  Dowan (D:5)
  2 scorpions
  14 killer bees
  3 troll zombies (D:9)
  17 wights
  3 electric eels (D:5)
  3 howler monkeys
  2 bullfrog zombies
  7 hounds
  6 orc wizards
  3 orc priests (D:6)
  A jelly (D:9)
  A bullfrog skeleton (D:8)
  6 iguanas
  Ijyb (D:4)
  5 worker ants
  4 hell rats (Lair:5)
  5 ogre zombies (D:9)
  A hound zombie (D:6)
  3 hound skeletons
  12 gnolls
  11 adders
  4 white imps
  2 ufetubi
  5 oozes
  An adder skeleton (D:4)
  4 worms
  3 dart slugs
  2 leopard geckos
  21 orcs
  A ball python (D:2)
  7 bats
  5 giant cockroaches
  13 goblins
  4 hobgoblins
  14 jackals
  3 quokkas
  3 frilled lizards
  2 goblin skeletons (D:9)
  2 goblin zombies (D:9)
  4 hobgoblin skeletons (D:9)
  2 hobgoblin zombies (D:9)
  22 kobolds
  A leopard gecko skeleton (D:5)
  2 orc skeletons (D:9)
  13 orc zombies (D:9)
  8 rats
  4 fungi
  4 plants (Lair:4)
462 creatures vanquished.

Vanquished Creatures (collateral kills)
  An orc warrior (Bailey)
  2 hobgoblins (Bailey)
  A goblin (Bailey)
  5 kobolds (Bailey)
9 creatures vanquished.

Vanquished Creatures (others)
  An orc knight (Bailey)
  A wight (D:6)
  2 fungi
  6 withered plants (Lair:2)
10 creatures vanquished.

Grand Total: 481 creatures vanquished

Notes
Turn   | Place    | Note
-------+----------+-------------------------------------------
     0 | D:5      | Reached skill level 9 in Stealth
     0 | D:5      | vurker the Gnoll Delver began the quest for the Orb.
     0 | D:5      | Reached XP level 1. HP: 23/23 MP: 1/1
     2 | D:5      | Noticed an orc wizard
     8 | D:4      | Noticed a lemure
     8 | D:4      | Noticed a lemure
     8 | D:4      | Noticed a lemure
     8 | D:4      | Noticed a hound
     9 | D:4      | Noticed a lemure
    11 | D:4      | Noticed Pikel
    27 | D:3      | Killed a hound
    27 | D:3      | Reached XP level 2. HP: 11/29 MP: 2/2
    27 | D:3      | Reached XP level 3. HP: 13/35 MP: 3/3
   247 | D:2      | Reached skill level 1 in Invocations
   528 | D:2      | Reached skill level 1 in Short Blades
   528 | D:2      | Reached skill level 1 in Long Blades
   528 | D:2      | Reached skill level 1 in Axes
   528 | D:2      | Reached skill level 1 in Polearms
   528 | D:2      | Reached skill level 1 in Staves
   528 | D:2      | Reached skill level 1 in Slings
   528 | D:2      | Reached skill level 1 in Bows
   528 | D:2      | Reached skill level 1 in Crossbows
   528 | D:2      | Reached skill level 1 in Throwing
   528 | D:2      | Reached skill level 1 in Armour
   528 | D:2      | Reached skill level 1 in Shields
   528 | D:2      | Reached skill level 1 in Unarmed Combat
   528 | D:2      | Reached skill level 1 in Spellcasting
   528 | D:2      | Reached skill level 1 in Evocations
   686 | D:2      | Reached XP level 4. HP: 37/41 MP: 5/5
   926 | D:2      | Found a shattered altar of Ashenzari.
   938 | D:2      | Reached skill level 1 in Conjurations
   938 | D:2      | Reached skill level 1 in Hexes
   938 | D:2      | Reached skill level 1 in Summonings
   938 | D:2      | Reached skill level 1 in Necromancy
   938 | D:2      | Reached skill level 1 in Translocations
   938 | D:2      | Reached skill level 1 in Transmutations
   938 | D:2      | Reached skill level 1 in Fire Magic
   938 | D:2      | Reached skill level 1 in Ice Magic
   938 | D:2      | Reached skill level 1 in Air Magic
   938 | D:2      | Reached skill level 1 in Earth Magic
   938 | D:2      | Reached skill level 1 in Poison Magic
  1097 | D:2      | Reached XP level 5. HP: 13/47 MP: 6/6
  1450 | D:2      | Found a white marble altar of Elyvilon.
  2800 | D:3      | Noticed Grinder
  3160 | D:3      | Found a snail-covered altar of Cheibriados.
  3168 | D:3      | Became a worshipper of Cheibriados the Contemplative
  3732 | D:3      | Paralysed by Grinder for 6 turns
  3744 | D:3      | Paralysed by Grinder for 4 turns
  3763 | D:3      | Killed Grinder
  3763 | D:3      | Reached skill level 5 in Maces & Flails
  3763 | D:3      | Reached skill level 5 in Dodging
  3763 | D:3      | Reached XP level 6. HP: 13/53 MP: 7/9
  4066 | D:4      | Noticed Ijyb
  4095 | D:4      | Killed Ijyb
  4127 | D:4      | Reached XP level 7. HP: 56/59 MP: 10/10
  4911 | D:4      | Killed Pikel
  4911 | D:4      | Reached skill level 10 in Stealth
  4911 | D:4      | Reached XP level 8. HP: 23/67 MP: 10/12
  5436 | D:4      | Reached * piety under Cheibriados
  5465 | D:5      | Noticed Duvessa
  5473 | D:5      | Noticed Dowan
  5846 | D:5      | Found a transporter.
  5851 | D:5      | Found a transporter.
  5934 | D:5      | Killed Duvessa
  5957 | D:5      | Killed Dowan
  6499 | D:6      | Reached ** piety under Cheibriados
  6537 | D:6      | Reached XP level 9. HP: 72/72 MP: 14/14
  6904 | D:6      | Noticed Blork the orc
  6925 | D:6      | Killed Blork the orc
  7835 | D:6      | Reached *** piety under Cheibriados
  7848 | D:6      | Got a jewelled falchion
  7849 | D:6      | Identified the +1 falchion of Xivetzoni {vorpal, MR- Str+4
                  | SInv} (You found it on level 6 of the Dungeon)
  7865 | D:6      | Found a staircase to the Ecumenical Temple.
  8133 | D:7      | Found a sparkling altar of Nemelex Xobeh.
  8709 | D:7      | Reached skill level 5 in Invocations
  9435 | D:7      | Got a translucent long sword
  9436 | D:7      | Identified the cursed +1 long sword of Wounding {flame,
                  | Str+2} (You found it on level 7 of the Dungeon)
  9455 | D:7      | Found Kagus's Jewellery Shop.
  9911 | D:8      | Reached **** piety under Cheibriados
 10168 | D:8      | Found a glowing silver altar of Zin.
 10168 | D:8      | Found a blossoming altar of Fedhas.
 10334 | D:8      | Found a burning altar of Makhleb.
 10371 | D:8      | Reached XP level 10. HP: 80/80 MP: 17/17
 10379 | D:8      | Noticed Grum
 10387 | D:8      | Killed Grum
 10403 | D:8      | Reached skill level 5 in Short Blades
 10403 | D:8      | Reached skill level 5 in Long Blades
 10403 | D:8      | Reached skill level 5 in Axes
 10403 | D:8      | Reached skill level 5 in Polearms
 10403 | D:8      | Reached skill level 5 in Staves
 10403 | D:8      | Reached skill level 5 in Slings
 10403 | D:8      | Reached skill level 5 in Bows
 10403 | D:8      | Reached skill level 5 in Crossbows
 10403 | D:8      | Reached skill level 5 in Throwing
 10403 | D:8      | Reached skill level 5 in Armour
 10403 | D:8      | Reached skill level 5 in Shields
 10403 | D:8      | Reached skill level 5 in Unarmed Combat
 10403 | D:8      | Reached skill level 5 in Spellcasting
 10403 | D:8      | Reached skill level 5 in Evocations
 11496 | D:9      | Found a staircase to the Orcish Mines.
 11960 | D:9      | Found an ornate altar of the Wu Jian Council.
 12064 | D:9      | Reached skill level 11 in Stealth
 12090 | D:9      | Reached XP level 11. HP: 30/87 MP: 19/19
 12459 | D:9      | Reached ***** piety under Cheibriados
 12459 | D:9      | Reached skill level 5 in Conjurations
 12459 | D:9      | Reached skill level 5 in Hexes
 12459 | D:9      | Reached skill level 5 in Summonings
 12459 | D:9      | Reached skill level 5 in Necromancy
 12459 | D:9      | Reached skill level 5 in Translocations
 12459 | D:9      | Reached skill level 5 in Transmutations
 12459 | D:9      | Reached skill level 5 in Fire Magic
 12459 | D:9      | Reached skill level 5 in Ice Magic
 12459 | D:9      | Reached skill level 5 in Air Magic
 12459 | D:9      | Reached skill level 5 in Earth Magic
 12459 | D:9      | Reached skill level 5 in Poison Magic
 12865 | D:9      | Noticed Maggie
 12884 | D:9      | Killed Maggie
 13199 | D:9      | Found a bloodstained altar of Trog.
 13244 | D:9      | Found the +2 hood of the Assassin {Detection Stab+ Stlth++}
 13430 | D:10     | Entered Level 10 of the Dungeon
 13496 | D:10     | Found a staircase to the Lair.
 14196 | D:10     | Killed an unseen horror
 14246 | D:11     | Found Oggufam's Antique Armour Shop.
 14256 | D:11     | Found a flagged portal.
 14266 | Bailey   | Entered a bailey
 14272 | Bailey   | Noticed an orc knight
 14281 | Bailey   | Noticed an orc knight
 14293 | Bailey   | Noticed an orc knight
 14336 | Bailey   | Killed an orc knight
 14338 | Bailey   | Identified the amulet "Forget-Me-Not" {Spirit rF+ Str+4}
 14395 | Bailey   | Killed an orc knight
 14539 | Bailey   | Got a pair of polished boots
 14545 | Bailey   | Identified the cursed -3 pair of boots "Bisto Bofiad"
                  | {Stlth+} (You found it in a bailey)
 14609 | D:11     | Reached ****** piety under Cheibriados
 14710 | D:11     | Killed an unseen horror
 14764 | D:11     | Noticed Harold
 14785 | D:11     | Killed Harold
 14789 | D:11     | Noticed a manticore
 14790 | D:11     | Noticed a cyan ugly thing
 14795 | D:11     | Reached XP level 12. HP: 60/96 MP: 6/22
 15338 | Lair:1   | Entered Level 1 of the Lair of Beasts
 15629 | Lair:1   | Noticed a seven-headed hydra
 15634 | Lair:1   | Killed a seven-headed hydra
 16300 | Lair:1   | Noticed a four-headed hydra
 16309 | Lair:1   | Killed a four-headed hydra
 16309 | Lair:1   | Reached skill level 10 in Fighting
 16713 | Lair:2   | Found a runed translucent gate.
 16714 | Lair:2   | Found a runed translucent gate.
 16715 | Lair:2   | Found a runed translucent gate.
 16720 | Lair:2   | Noticed SatoMori's ghost (journeyman GnCj)
 16720 | Lair:2   | Noticed MalarOregon's ghost (journeyman DrFE)
 16953 | Lair:2   | Noticed Gastronok
 16964 | Lair:2   | Killed Gastronok
 16964 | Lair:2   | Reached skill level 12 in Stealth
 17142 | Lair:2   | Reached XP level 13. HP: 103/103 MP: 24/24
 17272 | Lair:2   | Noticed Urug
 17285 | Lair:2   | Killed Urug
 18898 | D:11     | Bought the +3 pair of gauntlets of War {Slay+5} for 1520
                  | gold pieces
 18898 | D:11     | Found the +3 pair of gauntlets of War {Slay+5}
 19282 | Lair:4   | Found a staircase to the Snake Pit.
 19472 | Lair:4   | Found a staircase to the Swamp.
 19846 | Lair:5   | Reached XP level 14. HP: 94/111 MP: 15/26
 19852 | Lair:5   | HP: 1/111 [11-headed hydra (9)]
 19852 | Lair:5   | Slain by an eight-headed hydra

Illustrated notes

Levels and vault maps discovered:
D:1:      lemuel_arrival_hallway, layout_basic
D:2:      layout_loops_ring, ashenzari_altar_1, nicolae_overflow_hidden_temple
D:3:      layout_basic, kennysheep_slug_shrine, uniq_grinder
D:4:      layout_cave_pods, uniq_ijyb, uniq_pikel
D:5:      gammafunk_steamed_eel, layout_rooms, uniq_duvessa
D:6:      layout_loops_corners, minmay_temple_entry_glassed_door,
          uniq_blork_the_orc
D:7:      layout_basic, basic_altar, serial_shops, nicolae_shop_behind_doors
D:8:      minmay_cornered_nines, layout_rooms, bloody_makhleb,
          gammafunk_temple_overflow_elements, uniq_grum
D:9:      layout_irregular_city, marbit_many_paths, lemuel_round_altar,
          zombieorc2_lemuel, uniq_maggie
D:10:     layout_roguey, david_lair_generic
D:11:     layout_cave_pools, enter_bailey_3, serial_shops, nicolae_shop_crystal,
          minmay_misc_feat_four_crosses, moated_statue, uniq_harold
D:12:     layout_basic, serial_shops, shop, kennysheep_mini_moat, shop,
          nicolae_underground_beach
Lair:1:   layout_long_grid, pond, infiniplex_staircase_pool
Lair:2:   layout_long_grid, gammafunk_ghost_cemetery, grunt_megastairs_3,
          uniq_urug, uniq_gastronok
Lair:3:   layout_regular_city, gauntlet_entry_generic, serial_bayou_shore_b
Lair:4:   beast_lair_carwin_large_4, layout_loops_ring, swamp_mist_pool,
          lemuel_old_faithful, serial_bayou_shore_b
Lair:5:   layout_cave_shapes, slime_dummy, grunt_megastairs_2

Skill      XL: |  1  2  3  4  5  6  7  8  9 10 11 12 13 |
---------------+----------------------------------------+-----
Stealth        | 10 11 12 | 12.5
Invocations    | 1 2 3 4 5 6 7 8 9 |  9.6
Short Blades   | 1 2 3 4 5 6 7 8 |  8.8
Long Blades    | 1 2 3 4 5 6 7 8 |  8.8
Axes           | 1 2 3 4 5 6 7 8 |  8.8
Polearms       | 1 2 3 4 5 6 7 8 |  8.8
Staves         | 1 2 3 4 5 6 7 8 |  8.8
Slings         | 1 2 3 4 5 6 7 8 |  8.8
Bows           | 1 2 3 4 5 6 7 8 |  8.8
Crossbows      | 1 2 3 4 5 6 7 8 |  8.8
Throwing       | 1 2 3 4 5 6 7 8 |  8.8
Armour         | 1 2 3 4 5 6 7 8 |  8.8
Shields        | 1 2 3 4 5 6 7 8 |  8.8
Unarmed Combat | 1 2 3 4 5 6 7 8 |  8.8
Spellcasting   | 1 2 3 4 5 6 7 8 |  8.8
Evocations     | 1 2 3 4 5 6 7 8 |  8.8
Conjurations   | 1 2 3 4 5 6 7 |  7.3
Hexes          | 1 2 3 4 5 6 7 |  7.3
Summonings     | 1 2 3 4 5 6 7 |  7.3
Necromancy     | 1 2 3 4 5 6 7 |  7.3
Translocations | 1 2 3 4 5 6 7 |  7.3
Transmutations | 1 2 3 4 5 6 7 |  7.3
Fire Magic     | 1 2 3 4 5 6 7 |  7.3
Ice Magic      | 1 2 3 4 5 6 7 |  7.3
Air Magic      | 1 2 3 4 5 6 7 |  7.3
Earth Magic    | 1 2 3 4 5 6 7 |  7.3
Poison Magic   | 1 2 3 4 5 6 7 |  7.3
Maces & Flails | 5 6 7 8 9 |  9.9
Dodging        | 5 6 7 8 9 |  9.9
Fighting       | 7 8 9 10 | 10.9

Action                   |  1- 3 |  4- 6 |  7- 9 | 10-12 | 13-15 || total
-------------------------+-------+-------+-------+-------+-------++-------
Melee: Mace              |    58 |   114 |       |       |       ||   172
       Bite              |     8 |    40 |   110 |   138 |    44 ||   340
       Whip              |       |   148 |   222 |       |       ||   370
       Short sword       |       |       |   368 |    86 |       ||   454
       Morningstar       |       |       |       |   508 |    13 ||   521
       Broad axe         |       |       |       |       |   190 ||   190
Invok: Slouch            |       |       |       |     6 |     2 ||     8
Evoke: Wand              |       |       |    13 |     4 |     1 ||    18
  Use: Potion            |       |     1 |     5 |     5 |     1 ||    12
       Scroll            |       |       |    11 |    12 |     7 ||    30
 Stab: Sleeping          |     4 |    13 |       |     7 |    10 ||    34
       Paralysed         |       |       |    11 |       |       ||    11
       Distracted        |       |       |       |     2 |     1 ||     3
Armor: Leather armour    |     1 |       |       |       |       ||     1
       Scale mail        |    29 |    94 |       |       |       ||   123
       Plate armour      |       |    19 |   275 |   401 |   145 ||   840
Dodge: Dodged            |    51 |   133 |   182 |   388 |   225 ||   979
Block: Buckler           |    13 |    40 |    97 |       |       ||   150
       Kite shield       |       |       |    79 |   608 |   233 ||   920

Table legend: (Time is in decaauts)
 A = Elapsed time spent in this place.
 B = Non-inter-level travel time spent in this place.
 C = Inter-level travel time spent in this place.
 D = Time resting spent in this place.
 E = Time spent auto-exploring this place.
 F = Levels seen in this place.
 G = Mean time per level.
                   A        B        C        D        E       F      G
               +--------+--------+--------+--------+--------+-----+--------+
         Total |  26017 |  24410 |   1607 |    761 |  19278 |  18 | 1445.4 |
       Dungeon |  18300 |  17255 |   1045 |    761 |  13451 |  12 | 1525.0 |
          Lair |   7174 |   6612 |    562 |      0 |   5566 |   5 | 1434.8 |
        Bailey |    542 |    542 |      0 |      0 |    260 |   1 |  542.0 |
               +--------+--------+--------+--------+--------+-----+--------+

Top non-repeatable levels by time:
     D:9: 2721 daAuts
     D:6: 2702 daAuts
  Lair:1: 2012 daAuts
  Lair:2: 1909 daAuts
     D:4: 1904 daAuts
     D:7: 1845 daAuts
  Lair:3: 1837 daAuts
     D:2: 1818 daAuts
     D:3: 1505 daAuts
     D:8: 1446 daAuts
  Lair:4: 1362 daAuts
    D:10: 1258 daAuts
    D:11: 1254 daAuts
     D:5: 918 daAuts
     D:1: 880 daAuts
